Map: Orbital Shipyard

Players

ImotoFantasy

  • Race: Protoss Protoss
  • League: Grandmaster

正气的邦德 - Winner!

  • Race: Terran Terran
  • League: Platinum

VOD

Have the link to the VOD?

Description

Time

  • Played on: Oct. 25, 2015, 12:06 a.m.
  • Length: 8:51
Show
View Real Time Build Order
Export as new Build Order

ImotoFantasy Protoss 

Build Orders: Carrier Rush 

Get SALT Encoding   

  12  0:00  Probe (Chrono Boost)  
  13  0:11  Probe (Chrono Boost)  
  14  0:18  Pylon  
  14  0:22  Probe (Chrono Boost)  
  15  0:36  Probe (Chrono Boost)  
  16  0:43  Gateway  
  16  0:47  Probe (Chrono Boost)  
  16  0:49  Assimilator  
  17  0:53  Assimilator  
  17  0:58  Probe (Chrono Boost)  
  18  1:08  Probe (Chrono Boost)  
  19  1:19  Probe (Chrono Boost)  
  20  1:26  Pylon  
  20  1:29  Probe (Chrono Boost)  
  21  1:37  Cybernetics Core  
  21  1:45  Probe (Chrono Boost)  
  24  1:55  Probe (Chrono Boost)  
  23  2:06  Probe (Chrono Boost)  
  24  2:09  Nexus  
  24  2:14  Stalker (Chrono Boost)  
  26  2:18  Probe (Chrono Boost)  
  27  2:30  Pylon  
  27  2:32  Probe (Chrono Boost)  
  28  2:42  Stalker (Chrono Boost)  
  30  2:44  Warp Gate (Chrono Boost)  
  30  2:51  Stargate  
  30  2:55  Probe (Chrono Boost)  
  31  3:06  Probe (Chrono Boost)  
  32  3:16  Pylon  
  32  3:17  Probe (Chrono Boost)  
  33  3:21  Probe (Chrono Boost)  
  34  3:28  Probe (Chrono Boost)  
  34  3:32  Probe (Chrono Boost)  
  36  3:38  Probe (Chrono Boost)  
  37  3:41  Fleet Beacon  
  37  3:46  Probe (Chrono Boost)  
  38  3:53  Nexus  
  38  3:58  Probe x2 (Chrono Boost)  
  40  4:12  Probe x2 (Chrono Boost)  
  40  4:16  Robotics Facility  
  42  4:19  Forge  
  42  4:25  Assimilator  
  42  4:26  Probe (Chrono Boost)  
  42  4:27  Probe (Chrono Boost), Assimilator  
  42  4:29  Carrier (Chrono Boost)  
  50  4:40  Probe  
  50  4:42  Probe  
  52  4:49  Graviton Catapult (Chrono Boost)  
  52  4:55  Pylon  
  52  5:01  Photon Cannon  
  52  5:06  Pylon  
  48  5:16  Immortal (Chrono Boost)  
  52  5:22  Photon Cannon  
  52  5:23  Photon Cannon  
  52  5:34  Sentry  
  54  5:38  Carrier  
  54  5:40  Probe x2  
  62  5:57  Immortal (Chrono Boost)  
  62  6:00  Stalker  
  68  6:05  Probe x2, Protoss Ground Weapons Level 1  
  70  6:19  Nexus  
  70  6:20  Photon Cannon  
  70  6:21  Pylon  
  70  6:31  Probe x2  
  72  6:38  Protoss Air Weapons Level 1 (Chrono Boost)  
  72  6:46  Probe  
  72  6:47  Probe  
  74  6:49  Observer  
  74  6:50  Pylon  
  75  7:01  Probe x2  
  77  7:04  Carrier (Chrono Boost)  
  77  7:08  Stargate  
  83  7:11  Pylon  
  83  7:13  Probe x2  
  85  7:21  Observer  
  86  7:25  Mothership Core, Probe  
  86  7:26  Assimilator  
  89  7:31  Zealot  
  89  7:32  Assimilator  
  89  7:34  Twilight Council  
  91  7:37  Probe x2  
  91  7:41  Photon Cannon  
  91  7:43  Photon Cannon  
  93  7:46  Probe  
  93  7:47  Photon Cannon  
  94  7:57  Probe x2  
  102  8:01  Probe  
  103  8:09  Probe x2  
  103  8:12  Templar Archives  
  105  8:16  Gateway  
  105  8:20  Gateway  
  105  8:23  Gateway  
  105  8:26  Probe  
  106  8:31  Gateway  
  106  8:33  Pylon  
  101  8:37  Zealot  
Show
View Real Time Build Order
Export as new Build Order

正气的邦德 Terran - Winner!

Build Orders: Command Center First (CC), MMM Bio 

Get SALT Encoding   

  12  0:01  SCV  
  13  0:13  SCV  
  14  0:21  Supply Depot  
  14  0:25  SCV  
  15  0:42  SCV  
  16  0:54  SCV  
  17  1:02  Command Center  
  17  1:15  SCV, Barracks  
  18  1:38  SCV  
  19  1:41  Barracks  
  19  1:50  SCV  
  19  1:51  Supply Depot  
  20  2:02  Marine  
  20  2:03  Orbital Command  
  21  2:15  Orbital Command  
  21  2:20  Marine  
  22  2:29  Marine  
  24  2:30  SCV, Barracks  
  24  2:38  Marine  
  24  2:42  SCV x2  
  27  2:46  Marine  
  27  2:50  Refinery  
  28  2:54  SCV  
  28  2:55  SCV, Marine  
  31  3:04  Marine  
  31  3:05  Engineering Bay  
  31  3:06  SCV  
  31  3:07  SCV  
  33  3:13  Marine  
  33  3:17  Refinery  
  33  3:18  SCV, Marine  
  33  3:19  SCV  
  37  3:22  Marine  
  38  3:30  SCV  
  38  3:31  SCV  
  40  3:34  Missile Turret  
  40  3:36  Missile Turret  
  40  3:40  Refinery, Marine  
  41  3:42  SCV  
  41  3:43  SCV  
  41  3:47  Supply Depot  
  43  3:51  Supply Depot  
  43  3:55  SCV x2  
  44  3:56  Barracks Tech Lab  
  44  3:59  Barracks Tech Lab  
  45  4:07  SCV  
  45  4:09  SCV  
  47  4:10  Marine  
  47  4:16  Stimpack  
  48  4:17  Combat Shields  
  48  4:19  SCV  
  48  4:21  SCV  
  50  4:24  Command Center  
  50  4:27  Marauder x2  
  50  4:31  SCV  
  55  4:32  Supply Depot  
  55  4:39  SCV  
  55  4:43  SCV  
  57  4:48  Factory  
  57  4:50  Barracks  
  57  4:51  Barracks  
  57  5:06  Marauder, Marine  
  60  5:08  Marine  
  60  5:09  SCV  
  60  5:11  Supply Depot, Refinery  
  60  5:13  Supply Depot  
  62  5:17  SCV, Engineering Bay  
  62  5:21  SCV  
  64  5:26  Marauder  
  66  5:30  Barracks Reactor  
  66  5:34  Factory Reactor, Marine  
  67  5:36  Starport  
  67  5:43  Barracks Reactor  
  67  5:45  Barracks Tech Lab  
  67  5:47  Barracks, Marauder  
  69  5:52  SCV x2  
  69  5:55  Marine  
  72  6:05  Orbital Command  
  72  6:07  SCV  
  72  6:08  SCV  
  72  6:09  Marauder  
  76  6:12  Marine x2  
  76  6:13  Marine  
  79  6:19  SCV  
  79  6:20  SCV  
  79  6:23  Terran Infantry Weapons Level 1  
  81  6:27  Terran Infantry Armor Level 1  
  81  6:32  SCV x2  
  83  6:35  Barracks Reactor  
  83  6:37  Starport  
  83  6:39  SCV, Factory Reactor  
  84  6:42  Marine x2  
  84  6:43  Armory, Marine  
  84  6:44  SCV x2  
  89  6:47  Marine x2  
  89  6:50  Medivac  
  89  6:51  SCV, Medivac  
  96  6:56  SCV, Supply Depot  
  96  6:58  SCV  
  98  7:01  Supply Depot  
  98  7:04  Supply Depot  
  98  7:06  SCV, Supply Depot  
  98  7:08  SCV  
  100  7:10  SCV  
  101  7:17  Marine x7  
  101  7:18  SCV  
  101  7:21  Supply Depot  
  109  7:23  SCV, Supply Depot  
  109  7:26  Marine  
  109  7:27  Refinery, Marine  
  109  7:29  Refinery  
  112  7:31  SCV x2  
  112  7:35  SCV, Marine x5, Liberator x3  
  120  7:40  Barracks x2  
  120  7:43  SCV  
  120  7:44  SCV  
  122  7:47  SCV  
  122  7:48  Marine x2  
  125  7:54  Marine  
  125  7:55  SCV  
  125  7:56  SCV  
  137  7:58  Supply Depot  
  137  8:02  Supply Depot  
  137  8:08  Command Center  
Tags
 
Add a new tag
Caveats
  • Supply blocks, unpowered buildings, or Contaminate may cause inaccurate times.
  • Supply counts are checked every 10 seconds.